AoeStats
← dangg7

Black Forest

510227435Analyzed
3v3 RM · 12h ago on Sep 30, 2026· 100m 54s· 6 players
Game mode
Random Map
Map size
Normal (6 player)
Population
200
Speed
Normal
Resources
Standard
Victory
Conquest
Starting age
Dark Age
Ending age
Imperial Age
RankedLock teamsTeams togetherTeam positionsShared explorationLock speedFull tech treeHidden civsTurbo modeCheats
Victory
Defeat
🇲🇽 Celts · Mexico
716
+14
🇲🇽 Italians · Mexico
683
+26
🇲🇽 Danes · Mexico
676
+16
🇹🇼 Magyars · Taiwan
701
-16
🇺🇸 Saxons · United States
674
-15
🇲🇽 Ethiopians · Mexico
640
-14
ALT1221
0:49 Loom
11:26 Feudal Age
12:44 Wheelbarrow
12:00 Double-Bit Axe
12:26 Town Watch
17:13 Horse Collar
21:53 Stone Mining
26:09 Castle Age
24:59 Forging
24:49 Scale Mail Armor
28:10 Gold Mining
31:38 Heavy Plow
32:20 Squires
31:41 Pikeman
33:17 Hand Cart
34:08 Caravan
34:35 Bow Saw
35:35 Fortified Wall
35:21 Murder Holes
39:11 Imperial Age
38:30 Husbandry
39:12 Iron Casting
38:53 Chain Mail Armor
38:28 Gambesons
39:42 Fletching
39:34 Elite Varangian Guard
41:32 Conscription
40:35 Shield Wall
44:04 Plate Mail Armor
43:30 Bodkin Arrow
45:03 Ballistics
45:45 Chemistry
48:01 Two-Man Saw
47:08 Arson
48:14 Arrowslits
48:34 Bracer
48:28 Halberdier
49:32 Elite Hearth Troop
51:13 Bloodlines
50:24 Cavalier
51:47 Scale Barding Armor
51:44 Padded Archer Armor
51:35 Onager
52:24 Town Patrol
53:15 Clerical Recruitment
54:33 Crop Rotation
59:35 Siege Engineers
61:25 Light Cavalry
65:18 Cranequins
66:04 Thumb Ring
65:21 Heavy Mounted Crossbowman
66:21 Leather Archer Armor
66:27 Chain Barding Armor
65:31 Man-at-Arms
69:29 Ring Archer Armor
sinko peso
0:54 Loom
1:38 Loom
16:34 Feudal Age
17:19 Horse Collar
19:15 Gold Mining
19:24 Double-Bit Axe
21:04 Stone Mining
26:36 Castle Age
25:46 Padded Archer Armor
25:38 Fletching
27:33 Bow Saw
29:06 Leather Archer Armor
29:48 Bodkin Arrow
30:30 Squires
37:49 Royal Heirs
39:23 Crossbowman
41:22 Thumb Ring
44:01 Scale Mail Armor
44:12 Forging
52:30 Imperial Age
52:47 Elite Shotel Warrior
53:53 Conscription
54:06 Ring Archer Armor
53:37 Bracer
56:56 Gold Shaft Mining
56:57 Stone Shaft Mining
56:24 Heavy Plow
60:21 Arbalester
64:02 Chemistry
64:07 Caravan
73:51 Ballistics
76:39 Two-Man Saw
78:51 Wheelbarrow
95:03 Hand Cart
瀧注洄洮
12:03 Feudal Age
12:36 Double-Bit Axe
13:58 Horse Collar
21:49 Castle Age
24:26 Fletching
25:32 Bow Saw
25:25 Heavy Plow
27:58 Stone Mining
28:08 Gold Mining
31:05 Imperial Age
29:01 Bodkin Arrow
29:34 Ballistics
31:34 Wheelbarrow
30:45 Loom
30:45 Town Watch
30:54 Treadmill Crane
33:22 Corvinian Army
35:48 Gold Shaft Mining
36:23 Bloodlines
36:15 Husbandry
35:36 Light Cavalry
35:41 Elite Magyar Huszar
36:14 Heavy Cavalry Archer
37:01 Thumb Ring
37:22 Parthian Tactics
37:18 Hand Cart
39:38 Chemistry
41:59 Recurve Bow
43:46 Town Patrol
45:29 Conscription
47:28 Siege Engineers
47:34 Masonry
47:19 Murder Holes
47:31 Caravan
47:36 Hussar
49:26 Crop Rotation
49:00 Bracer
49:00 Padded Archer Armor
49:03 Scale Mail Armor
57:29 Chain Mail Armor
57:22 Scale Barding Armor
57:35 Leather Archer Armor
60:03 Onager
64:30 Chain Barding Armor
64:42 Ring Archer Armor
65:27 Hoardings
89:34 Cavalier
90:52 Plate Barding Armor
93:59 Paladin
Omargxh2666
11:39 Feudal Age
10:28 Loom
12:16 Double-Bit Axe
15:05 Gold Mining
17:53 Stone Mining
20:17 Wheelbarrow
22:01 Castle Age
20:27 Horse Collar
21:24 Scale Barding Armor
21:20 Scale Mail Armor
21:31 Forging
24:51 Padded Archer Armor
25:28 Iron Casting
25:08 Chain Mail Armor
25:14 Bow Saw
25:08 Heavy Plow
28:12 Gold Shaft Mining
27:57 Hand Cart
27:28 Town Watch
27:49 Caravan
29:18 Stone Shaft Mining
30:29 Town Patrol
31:29 Leather Archer Armor
31:05 Fletching
36:29 Imperial Age
34:57 Bodkin Arrow
36:44 Elite Woad Raider
37:26 Capped Ram
37:30 Heavy Scorpion
39:12 Conscription
40:04 Furor Celtica
40:51 Stronghold
41:35 Plate Mail Armor
42:06 Blast Furnace
41:30 Siege Ram
43:46 Ring Archer Armor
46:32 Chemistry
45:38 Siege Engineers
56:47 Pikeman
56:52 Heavy Mounted Crossbowman
60:42 Onager
66:38 Halberdier
97:51 Spies/Treason
dangg7
11:06 Feudal Age
12:03 Double-Bit Axe
12:14 Gold Mining
13:00 Town Watch
17:34 Horse Collar
18:38 Wheelbarrow
23:23 Castle Age
24:49 Caravan
25:29 Gold Shaft Mining
24:45 Stone Mining
24:59 Squires
24:45 Arson
25:14 Forging
25:05 Scale Mail Armor
25:10 Heavy Plow
26:04 Bow Saw
26:36 Gambesons
29:01 Town Patrol
28:51 Loom
31:00 Iron Casting
30:41 Chain Mail Armor
32:04 Stone Shaft Mining
31:37 Hamask
33:39 Hand Cart
39:05 Imperial Age
39:25 Murder Holes
39:41 Masonry
39:53 Ballistics
40:03 Elite Jomsviking
41:05 Conscription
41:27 Hoardings
41:39 Plate Mail Armor
42:02 Elite Varangian Guard
47:00 Blast Furnace
46:41 Siege Engineers
50:41 Chemistry
49:41 Fletching
51:11 Bodkin Arrow
52:33 Bracer
srFarellis
7:35 Loom
9:30 Feudal Age
10:34 Double-Bit Axe
11:40 Horse Collar
17:28 Castle Age
15:48 Stone Mining
20:36 Town Watch
20:51 Elite Skirmisher
26:44 Fletching
27:01 Padded Archer Armor
26:52 Fletching
27:15 Horse Collar
29:25 Wheelbarrow
29:28 Heavy Plow
31:42 Thumb Ring
35:02 Imperial Age
33:16 Hand Cart
33:09 Bodkin Arrow
33:29 Leather Archer Armor
33:27 Forging
33:23 Scale Barding Armor
34:07 Silk Road
34:48 Bow Saw
34:36 Gold Mining
35:21 Stone Shaft Mining
35:18 Onager
37:12 Chemistry
36:08 Murder Holes
36:24 Masonry
36:38 Ballistics
37:09 Conscription
38:18 Bloodlines
38:10 Husbandry
37:32 Light Cavalry
38:48 Pirotechnia
40:01 Town Patrol
39:26 Elite Genoese Crossbowman
42:06 Caravan
42:51 Squires
42:36 Arson
44:38 Bodkin Arrow
44:58 Leather Archer Armor
45:18 Iron Casting
44:43 Scale Mail Armor
45:05 Chain Barding Armor
45:20 Crop Rotation
45:55 Two-Man Saw
44:55 Treadmill Crane
46:33 Bracer
47:03 Ring Archer Armor
48:35 Blast Furnace
47:05 Hussar
49:02 Chain Mail Armor
50:57 Cavalier
53:21 Architecture
53:12 Bombard Tower
52:38 Arrowslits
55:20 Crossbowman
59:12 Arbalester
61:20 Man-at-Arms
62:34 Long Swordsman
63:55 Block Printing
63:51 Redemption
63:41 Devotion
82:34 Plate Mail Armor
82:39 Plate Barding Armor
82:38 Plate Mail Armor
93:44 Hoardings
Connection lost

Rejoining the realm…

Still unreachable

The connection could not be restored.

Session expired

The server has moved on; the page needs a fresh start.